[Event "Titled Tuesday Blitz October 11 Early 2022"]
[White "Dushyant Sharma"]
[Black "Tiarks, Jann-Christian"]
[WhiteFideId "25065130"]
[BlackFideId "12951595"]
[WhiteElo "2270"]
[BlackElo "2194"]
[Result "1-0"]
[Round "02"]
[TimeControl "180+1"]
[Date "2022.10.12"]
[WhiteClock "0:00:35"]
[BlackClock "0:00:48"]

1. e4 c6 2. d4 d5 3. exd5 cxd5 4. Bd3 Nc6 5. c3 Qc7 6. Nf3 Nf6 7. O-O g6 8. Be3 Bf5 9. Bxf5 gxf5 10. Qc1 e6 11. Ne5 Bd6 12. f4 Ne4 13. Nd2 O-O-O 14. b4 f6 15. Nxc6 Qxc6 16. Nxe4 fxe4 17. a4 Kb8 18. Qd2 Rc8 19. Rfc1 Qc4 20. a5 f5 21. b5 Qxb5 22. a6 b6 23. Qf2 Rhg8 24. Qh4 Qd3 25. Re1 Rxc3 26. Qxh7 Rxg2+ 27. Kxg2 Rc2+ 28. Kh1 Rc7 29. Qg8+ Rc8 30. Qxe6 Bb4 31. Qxd5 1-0


[Site "https://www.chess.com"]

[Event "Titled Tuesday Blitz October 11 Early 2022"]
[White "Dwilewicz, Katarzyna"]
[Black "Soto Vega, Jorge"]
[WhiteFideId "1148486"]
[BlackFideId "3800580"]
[WhiteElo "2023"]
[BlackElo "2263"]
[Result "1/2-1/2"]
[Round "02"]
[TimeControl "180+1"]
[Date "2022.10.12"]
[WhiteClock "0:00:08"]
[BlackClock "0:00:19"]

1. e4 d5 2. exd5 Qxd5 3. Nf3 Nf6 4. d4 c6 5. Be2 Bg4 6. O-O Nbd7 7. h3 Bh5 8. c4 Qa5 9. Nc3 e6 10. Bd2 Qc7 11. Be3 Bd6 12. Re1 O-O 13. Qd2 a6 14. Rad1 Bb4 15. Qc2 Qa5 16. Bd2 b5 17. a3 Bxc3 18. Bxc3 Qc7 19. Bb4 Rfc8 20. b3 a5 21. Bc3 Qb8 22. Ne5 Bg6 23. Nxg6 hxg6 24. Bd3 a4 25. bxa4 bxc4 26. Bxc4 Nb6 27. Bb3 Qa7 28. a5 Nbd5 29. Bb4 Rab8 30. Rc1 Nxb4 31. axb4 Rxb4 32. Rxe6 Rcb8 33. Re3 Qxd4 34. Rd1 Qa7 35. Bc4 Qxa5 36. Re7 Rf8 37. Bb3 Qb6 38. Rd3 c5 39. Rg3 Nh5 40. Rxg6 Qd8 41. Re1 c4 42. Bxc4 Qd4 43. Bb3 Nf4 44. Rg4 Qd3 45. Qxd3 Nxd3 46. Rxb4 Nxb4 47. Bc4 Nc2 48. Re7 Nd4 49. f3 Nf5 50. Rc7 Nd6 51. Kf2 Nxc4 52. Rxc4 g6 53. g4 Kg7 54. f4 Rd8 55. Kf3 Rd3+ 56. Kg2 Re3 57. Kf2 Rxh3 58. Rc6 Ra3 59. Rb6 Ra4 60. Kf3 Ra3+ 61. Ke4 Rg3 62. g5 Rg1 63. Rb7 Re1+ 64. Kf3 Rf1+ 65. Ke3 Re1+ 66. Kf3 Re6 67. Kg4 Ra6 68. Kf3 Ra4 69. Ke3 Ra5 70. Kf3 Ra3+ 71. Ke4 Ra4+ 72. Kf3 Ra1 73. Ke4 Re1+ 74. Kf3 1/2-1/2


[Site "https://www.chess.com"]

[Event "Titled Tuesday Blitz October 11 Early 2022"]
[White "Ernst, Sipke"]
[Black "Bluebaum, Matthias"]
[WhiteFideId "1004689"]
[BlackFideId "24651516"]
[WhiteElo "2438"]
[BlackElo "2633"]
[Result "1/2-1/2"]
[Round "02"]
[TimeControl "180+1"]
[Date "2022.10.11"]
[WhiteClock "0:01:48"]
[BlackClock "0:01:40"]

1. d4 Nf6 2. c4 e6 3. Nc3 d5 4. cxd5 exd5 5. Bg5 c6 6. e3 h6 7. Bh4 Bf5 8. Qf3 Be6 9. Bxf6 Qxf6 10. Qxf6 gxf6 11. Nf3 a5 12. Bd3 a4 13. a3 Nd7 14. O-O-O b5 15. e4 b4 16. exd5 cxd5 17. Nb5 Kd8 18. Kb1 Rb8 19. axb4 Bxb4 20. Rc1 Nb6 21. Nc7 Ba5 22. Rc5 Bb4 23. Rc2 Ba5 24. Rc5 Bb4 25. Rc2 Ba5 26. Rc5 1/2-1/2


[Site "https://www.chess.com"]

[Event "Titled Tuesday Blitz October 11 Early 2022"]
[White "Fernandez De La Vara, Arnaldo"]
[Black "Svane, Rasmus"]
[WhiteFideId "3518388"]
[BlackFideId "4657101"]
[WhiteElo "2387"]
[BlackElo "2674"]
[Result "1-0"]
[Round "02"]
[TimeControl "180+1"]
[Date "2022.10.11"]
[WhiteClock "0:00:45"]
[BlackClock "0:00:11"]

1. Nf3 d5 2. b3 Bf5 3. Bb2 e6 4. g3 h6 5. Bg2 Nf6 6. O-O Be7 7. d3 O-O 8. Nbd2 a5 9. a4 Bh7 10. Ne5 Nfd7 11. Nxd7 Nxd7 12. e4 c6 13. Qe2 Re8 14. Kh1 Qb6 15. f4 Rad8 16. g4 Qa6 17. Rae1 dxe4 18. Nxe4 Bb4 19. Rd1 Be7 20. g5 hxg5 21. Nxg5 Bg6 22. Be4 f5 23. Nxe6 Bf6 24. Nc7 Qb6 25. Bxf6 Nxf6 26. Nxe8 Rxe8 27. Qg2 Bh5 28. Bf3 Bxf3 29. Rxf3 Qb4 30. Rg1 Re1 31. Qxg7# 1-0


[Site "https://www.chess.com"]

[Event "Titled Tuesday Blitz October 11 Early 2022"]
[White "Fernandez Siles, Luis"]
[Black "Toncheva, Nadya"]
[WhiteFideId "2209420"]
[BlackFideId "2924056"]
[WhiteElo "2186"]
[BlackElo "2101"]
[Result "0-1"]
[Round "02"]
[TimeControl "180+1"]
[Date "2022.10.12"]
[WhiteClock "0:00:02"]
[BlackClock "0:00:30"]

1. e4 c5 2. Nf3 d6 3. d4 cxd4 4. Nxd4 Nf6 5. Nc3 Nc6 6. Bg5 e6 7. Qd2 a6 8. f3 Qc7 9. O-O-O Bd7 10. g4 b5 11. h4 Rc8 12. Kb1 Be7 13. Bxb5 axb5 14. Ndxb5 Qb8 15. Nxd6+ Bxd6 16. Qxd6 Qb7 17. Bxf6 gxf6 18. g5 fxg5 19. hxg5 Na5 20. Nd5 exd5 21. Qe5+ Be6 22. Qxh8+ Kd7 23. Qd4 Rc4 24. Qe5 Rb4 25. Rxh7 Nc4 26. Rxd5+ Bxd5 27. Qf5+ Kc7 0-1


[Site "https://www.chess.com"]

[Event "Titled Tuesday Blitz October 11 Early 2022"]
[White "Ferreira, Vitor Hugo Vieira"]
[Black "Zhao, Jun"]
[WhiteFideId "2119765"]
[BlackFideId "8602522"]
[WhiteElo "2168"]
[BlackElo "2547"]
[Result "0-1"]
[Round "02"]
[TimeControl "180+1"]
[Date "2022.10.12"]
[WhiteClock "0:01:32"]
[BlackClock "0:01:46"]

1. e4 e5 2. Nf3 Nc6 3. Bb5 Nf6 4. d3 Bc5 5. O-O Nd4 6. Nxd4 Bxd4 7. Nd2 c6 8. Ba4 Bb6 9. Nc4 Bc7 10. Bb3 O-O 11. Bg5 h6 12. Bh4 d6 13. Ne3 Be6 14. c3 Bb6 15. Kh1 Re8 16. Nf5 Bxf5 17. exf5 d5 18. Rg1 Qd6 19. g4 Nh7 20. Qd2 Bd8 21. Bxd8 Raxd8 22. h4 e4 23. Rg3 exd3 24. Qxd3 Qf4 25. Rf1 Nf6 26. Bd1 Ne4 27. Rg2 Re5 28. Bf3 Nd2 29. g5 Nxf3 30. gxh6 Qxh4+ 31. Rh2 Qxh2# 0-1


[Site "https://www.chess.com"]

[Event "Titled Tuesday Blitz October 11 Early 2022"]
[White "Gabrielian, Artur"]
[Black "Veleshnja, Zino"]
[WhiteFideId "4131002"]
[BlackFideId "4701313"]
[WhiteElo "2432"]
[BlackElo "2167"]
[Result "1-0"]
[Round "02"]
[TimeControl "180+1"]
[Date "2022.10.12"]
[WhiteClock "0:01:40"]
[BlackClock "0:00:53"]

1. e4 c5 2. Nf3 d6 3. d4 Nf6 4. Nc3 cxd4 5. Nxd4 a6 6. Bd3 g6 7. Be3 Bg7 8. h3 O-O 9. O-O Nc6 10. Nf3 b5 11. Re1 Bb7 12. a3 Rc8 13. Qd2 Na5 14. Bh6 Nc4 15. Bxc4 Rxc4 16. Bxg7 Kxg7 17. Qd3 Qa8 18. Nd2 Rc7 19. Re3 Rfc8 20. Rae1 Nh5 21. Rf3 Nf6 22. Qe3 Rc5 23. Qf4 Re5 24. Rfe3 Qa7 25. Nf3 Rec5 26. e5 dxe5 27. Nxe5 R5c7 28. Ng4 Qc5 29. Qh6+ Kg8 30. Nxf6+ 1-0


[Site "https://www.chess.com"]

[Event "Titled Tuesday Blitz October 11 Early 2022"]
[White "Gilmanov, Mansur"]
[Black "Zemlyanskii, Ivan"]
[WhiteFideId "4166868"]
[BlackFideId "24249971"]
[WhiteElo "2377"]
[BlackElo "2107"]
[Result "0-1"]
[Round "02"]
[TimeControl "180+1"]
[Date "2022.10.12"]
[WhiteClock "0:00:01"]
[BlackClock "0:00:17"]

1. d4 Nf6 2. Bg5 c5 3. Bxf6 gxf6 4. d5 Qb6 5. Qc1 f5 6. c4 Qh6 7. e3 e5 8. Nc3 d6 9. Nge2 Nd7 10. Nb5 Kd8 11. Ng3 a6 12. Nc3 Nf6 13. Bd3 e4 14. Bc2 Be7 15. Nce2 Ng4 16. Nf4 Ne5 17. b4 cxb4 18. Rb1 a5 19. a3 Bd7 20. axb4 a4 21. c5 Rc8 22. O-O dxc5 23. bxc5 Rxc5 24. Rxb7 Bd6 25. Qb1 Qf6 26. Qb6+ Ke8 27. Rb8+ Ke7 28. Rxh8 Qxh8 29. Bb1 Qc8 30. h3 a3 31. Qa7 Rc7 32. Qa5 Qb8 33. Nfe2 Ra7 34. Qd2 Qb2 35. Qxb2 axb2 36. Nd4 Kf6 37. Nge2 Bc5 38. f4 Nc4 39. Kf2 Ra3 40. Nc2 Bxe3+ 41. Nxe3 Nxe3 0-1


[Site "https://www.chess.com"]

[Event "Titled Tuesday Blitz October 11 Early 2022"]
[White "Grot, Blazej"]
[Black "Araujo Sanchez, Josue"]
[WhiteFideId "21835845"]
[BlackFideId "6416896"]
[WhiteElo "1739"]
[BlackElo "2370"]
[Result "1/2-1/2"]
[Round "02"]
[TimeControl "180+1"]
[Date "2022.10.12"]
[WhiteClock "0:00:36"]
[BlackClock "0:00:08"]

1. e4 e5 2. Nf3 Nc6 3. Bc4 Bc5 4. d3 Nf6 5. O-O O-O 6. c3 d6 7. Bb3 a5 8. Bc2 Bd7 9. h3 Qb8 10. Re1 Qa7 11. Qe2 a4 12. a3 h6 13. Nbd2 Ne7 14. Nf1 Ng6 15. Ng3 Rfe8 16. Be3 b5 17. Kh2 c6 18. Rad1 d5 19. d4 exd4 20. cxd4 dxe4 21. dxc5 exf3 22. Qxf3 Nd5 23. Bd4 Be6 24. Bf5 Bxf5 25. Nxf5 Qc7+ 26. Kg1 f6 27. Nd6 Rxe1+ 28. Rxe1 Qd7 29. Qe4 Nf8 30. h4 Qd8 31. g3 Ra7 32. Qg4 Re7 33. Rxe7 Qxe7 34. Nf5 Qd7 35. Nxh6+ Kh7 36. Qxd7 Nxd7 37. Nf5 Kg6 38. g4 Kf7 39. f3 g6 40. Nd6+ Ke6 41. Kf2 Nf4 42. Nc8 Kd5 43. Bc3 Kxc5 44. Ne7 Kd6 45. Ng8 Ke6 46. Nh6 Nd5 47. h5 gxh5 48. gxh5 Nxc3 49. bxc3 Nb6 50. Ng4 f5 51. h6 Kf7 52. Ne3 f4 53. Ng4 c5 54. Ne5+ Kg8 55. Ke2 Nc4 56. Nxc4 bxc4 57. Kf2 Kh7 58. Kg2 Kxh6 59. Kh2 Kg5 60. Kg2 Kh5 61. Kg1 Kg5 62. Kg2 Kh4 63. Kh2 Kh5 64. Kg2 Kg5 65. Kh2 Kh5 66. Kg2 Kh4 67. Kh2 Kh5 1/2-1/2


[Site "https://www.chess.com"]

[Event "Titled Tuesday Blitz October 11 Early 2022"]
[White "Gubajdullin, Alexei"]
[Black "Fernandez, Michael"]
[WhiteFideId "4141202"]
[BlackFideId "5803560"]
[WhiteElo "2200"]
[BlackElo "2110"]
[Result "1/2-1/2"]
[Round "02"]
[TimeControl "180+1"]
[Date "2022.10.12"]
[WhiteClock "0:00:07"]
[BlackClock "0:00:07"]

1. d4 Nf6 2. Nf3 g6 3. Bf4 Bg7 4. e3 d5 5. Be2 O-O 6. Kf1 c5 7. c3 Nc6 8. h3 Bf5 9. Nbd2 Ne4 10. Nxe4 Bxe4 11. Nd2 Bf5 12. Bg4 Bxg4 13. hxg4 e5 14. dxe5 Nxe5 15. Bxe5 Bxe5 16. Nf3 Bg7 17. g5 Qd7 18. Qd3 Rad8 19. Rd1 Qa4 20. a3 Qe4 21. Rh4 Qxd3+ 22. Rxd3 Rd6 23. Ra4 a6 24. Ra5 b5 25. e4 Rfd8 26. Rxd5 Rxd5 27. exd5 Rxd5 28. Rxa6 Rd1+ 29. Ke2 Rb1 30. b4 Bxc3 31. bxc5 Rc1 32. c6 Bb2 33. Kd3 Kf8 34. Nd2 Rc3+ 35. Ke2 Ke7 36. Ne4 Rxa3 37. Rxa3 Bxa3 38. Kd3 Bd6 39. Kd4 Bf4 40. Kc5 Kd8 41. Kxb5 Kc7 42. Kc5 Bc1 43. Kd5 Bb2 44. g3 Bc1 45. f4 Be3 46. Nf6 Bf2 47. g4 Be3 48. Ke4 Bc1 49. Nxh7 Kxc6 50. f5 Kd7 51. Kd5 Bd2 52. Nf6+ Ke7 53. Ne4 Bf4 54. Kc6 gxf5 55. gxf5 Bxg5 56. Nxg5 Kf6 57. Nxf7 Kxf5 1/2-1/2


[Site "https://www.chess.com"]

[Event "Titled Tuesday Blitz October 11 Early 2022"]
[White "Gulevich, Artem"]
[Black "Mrudul Dehankar"]
[WhiteFideId "24119580"]
[BlackFideId "25096990"]
[WhiteElo "2218"]
[BlackElo "2068"]
[Result "1-0"]
[Round "02"]
[TimeControl "180+1"]
[Date "2022.10.12"]
[WhiteClock "0:00:11"]
[BlackClock "0:00:01"]

1. Nf3 Nf6 2. b3 g6 3. Bb2 Bg7 4. e3 d6 5. Be2 b6 6. d4 Bb7 7. O-O Nbd7 8. c4 O-O 9. Nbd2 e5 10. dxe5 Ng4 11. Qc2 Ngxe5 12. Nxe5 dxe5 13. Bf3 Bxf3 14. Nxf3 Qe7 15. Rfd1 Rfd8 16. Rd5 e4 17. Ne1 Nf6 18. Rxd8+ Rxd8 19. Rd1 h5 20. Kf1 Ng4 21. Bxg7 Rxd1 22. Qxd1 Qh4 23. Qd2 Nxh2+ 24. Kg1 Kxg7 25. Qd4+ Kg8 26. g3 Qh3 27. Qxe4 Qf1+ 28. Kxh2 Qxe1 29. Kg2 Qa1 30. Qa8+ Kg7 31. Qxa7 Qe5 32. Qb7 h4 33. gxh4 Qf6 34. Qe4 1-0


[Site "https://www.chess.com"]

[Event "Titled Tuesday Blitz October 11 Early 2022"]
[White "Hajiyev, Kanan"]
[Black "Biriukov, Ilja"]
[WhiteFideId "13404148"]
[BlackFideId "4113373"]
[WhiteElo "2118"]
[BlackElo "2426"]
[Result "1-0"]
[Round "02"]
[TimeControl "180+1"]
[Date "2022.10.12"]
[WhiteClock "0:01:01"]
[BlackClock "0:01:33"]

1. d4 Nf6 2. c4 c5 3. e3 g6 4. Nf3 Bg7 5. Nc3 O-O 6. Be2 d6 7. O-O cxd4 8. Nxd4 Nc6 9. b3 Bd7 10. Bb2 Qc8 11. Bf3 Ne5 12. Be2 a6 13. Rc1 Kh8 14. h3 h6 15. Nd5 Nxd5 16. cxd5 Qd8 17. f4 f5 18. fxe5 dxe5 19. Nf3 Qb6 20. Qd2 f4 21. Nxe5 fxe3 22. Nxg6+ Kg8 23. Nxe7+ Kh8 24. Bxg7+ Kxg7 25. Qc3+ 1-0


[Site "https://www.chess.com"]

[Event "Titled Tuesday Blitz October 11 Early 2022"]
[White "Halkias, Stelios"]
[Black "Zilleruelo Irizarry, Diego"]
[WhiteFideId "4201809"]
[BlackFideId "3101460"]
[WhiteElo "2453"]
[BlackElo "1998"]
[Result "1-0"]
[Round "02"]
[TimeControl "180+1"]
[Date "2022.10.12"]
[WhiteClock "0:00:50"]
[BlackClock "0:00:05"]

1. d4 d5 2. c4 e6 3. Nf3 Nf6 4. g3 Be7 5. Bg2 O-O 6. O-O c6 7. Qc2 b6 8. Nbd2 Bb7 9. e4 Nxe4 10. Nxe4 dxe4 11. Qxe4 Nd7 12. Rd1 Qc8 13. Qe2 c5 14. d5 Nf6 15. Ng5 h6 16. Nh3 Rd8 17. Nf4 e5 18. Qxe5 Bd6 19. Qc3 Re8 20. Bd2 Qf5 21. Re1 Be5 22. Qd3 Qxd3 23. Nxd3 Bd4 24. Rxe8+ Nxe8 25. Re1 Nd6 26. b3 Re8 27. Rxe8+ Nxe8 28. Bf4 Bc8 29. Kf1 Bf5 30. Ke2 Kf8 31. Bb8 a5 32. Ba7 Nd6 33. Bxb6 Ke7 34. Nxc5 Bb1 35. Na4 Bxb6 36. Nxb6 Bxa2 37. c5 1-0


[Site "https://www.chess.com"]

[Event "Titled Tuesday Blitz October 11 Early 2022"]
[White "Hambleton, Aman"]
[Black "Pham, Le Thao Nguyen"]
[WhiteFideId "2606577"]
[BlackFideId "12401226"]
[WhiteElo "2538"]
[BlackElo "2282"]
[Result "1-0"]
[Round "02"]
[TimeControl "180+1"]
[Date "2022.10.12"]
[WhiteClock "0:00:15"]
[BlackClock "0:00:27"]

1. e4 g6 2. d4 Bg7 3. c4 d6 4. Nc3 Nf6 5. f3 Nbd7 6. Be3 b6 7. Bd3 Bb7 8. Nge2 e5 9. d5 Nc5 10. Bc2 c6 11. b4 Ncd7 12. dxc6 Bxc6 13. Qxd6 Bb7 14. Nb5 Rc8 15. Qd2 Bf8 16. Bb3 a6 17. Nd6+ Bxd6 18. Qxd6 Rc6 19. Qd2 O-O 20. O-O Qe7 21. Rfd1 Rfc8 22. a3 Nf8 23. Nc3 a5 24. Nd5 Nxd5 25. exd5 Rd6 26. c5 bxc5 27. bxc5 Rdd8 28. d6 Qd7 29. Bg5 Re8 30. Qxa5 Ne6 31. Be3 Qc6 32. Bd5 Qd7 33. Bxb7 Qxb7 34. d7 e4 35. dxc8=Q Qxc8 36. fxe4 Qc6 37. Qb4 Nc7 38. Rd6 Qa8 39. c6 Na6 40. Qc4 Nc7 41. Rad1 Qxa3 42. R6d3 Qb2 43. Rd7 Ne6 44. h3 Qa3 45. Bh6 g5 46. Kh1 g4 47. hxg4 Qg3 48. Qd3 Qxg4 49. Qh3 Qxe4 50. Qg3+ Qg6 51. Qxg6+ hxg6 52. c7 Kh7 53. Be3 Rc8 54. Bb6 Kg7 55. Rd8 Rxc7 56. Bxc7 Nxc7 57. R1d6 Ne6 58. Rxe6 fxe6 59. Kg1 Kf6 60. Kf2 Ke7 61. Ra8 Kf6 62. Kf3 Kf5 63. Ra5+ e5 64. g3 Ke6 65. Rb5 Kf5 66. Ra5 Ke6 67. Ke4 Kd6 68. Rxe5 Kc6 69. g4 Kd6 70. g5 Kd7 71. Kd5 Kd8 72. Re6 Kd7 73. Ke5 Kc7 74. Kf6 Kd7 75. Re1 Kd6 76. Kxg6 Kd5 77. Re7 Kd4 78. Kf7 Kd5 79. g6 Kd6 80. g7 Kc6 81. g8=R Kd6 82. Rd8+ 1-0


[Site "https://www.chess.com"]

[Event "Titled Tuesday Blitz October 11 Early 2022"]
[White "Hanley, Craig A"]
[Black "Wiegmann, Sascha"]
[WhiteFideId "408514"]
[BlackFideId "4682041"]
[WhiteElo "2439"]
[BlackElo "2253"]
[Result "1-0"]
[Round "02"]
[TimeControl "180+1"]
[Date "2022.10.12"]
[WhiteClock "0:00:11"]
[BlackClock "0:00:12"]

1. d4 Nf6 2. c4 g6 3. g3 Bg7 4. Bg2 O-O 5. Nc3 d6 6. Nf3 Nbd7 7. O-O e5 8. e4 exd4 9. Nxd4 Re8 10. h3 a6 11. Be3 Rb8 12. Qc2 c5 13. Nb3 b5 14. Rad1 bxc4 15. Nd2 Nb6 16. a4 a5 17. Ndb1 Qe7 18. Bf4 Rd8 19. Nb5 Ba6 20. Bxd6 Qe6 21. N1c3 Bxb5 22. Nxb5 Rbc8 23. Bc7 Rxd1 24. Rxd1 Nbd7 25. f4 Nh5 26. Kh2 Re8 27. Bxa5 Ndf6 28. e5 Nd7 29. Bd5 Qe7 30. Bc3 Bh6 31. Qf2 Rf8 32. Nd6 Nb6 33. Bc6 Nd7 34. a5 Nb8 35. Bd5 g5 36. f5 g4 37. hxg4 Qg5 38. gxh5 Qxh5+ 39. Kg2 Qxd1 40. Qf3 Be3 41. Qxd1 Nd7 42. Qg4+ Kh8 43. e6+ f6 44. exd7 Bd4 45. Bxd4 cxd4 46. d8=Q Rxd8 47. Nf7# 1-0


[Site "https://www.chess.com"]

[Event "Titled Tuesday Blitz October 11 Early 2022"]
[White "Hansen, Eric"]
[Black "Kaidanov, Gregory"]
[WhiteFideId "2606771"]
[BlackFideId "2008564"]
[WhiteElo "2568"]
[BlackElo "2623"]
[Result "1-0"]
[Round "02"]
[TimeControl "180+1"]
[Date "2022.10.11"]
[WhiteClock "0:00:07"]
[BlackClock "0:00:06"]

1. d4 d5 2. c4 e6 3. Nc3 c6 4. Nf3 Nf6 5. e3 Nbd7 6. Bd3 Be7 7. O-O O-O 8. b3 b6 9. Bb2 Bb7 10. Qe2 c5 11. Rfd1 Qc7 12. cxd5 Nxd5 13. Nxd5 Bxd5 14. Rac1 Qb8 15. Bb5 Nf6 16. Ne5 Rc8 17. Ba6 Bb7 18. a4 Bd6 19. Bxb7 Qxb7 20. dxc5 Bxc5 21. Rc4 Rd8 22. Rdc1 a5 23. Nd3 Qd5 24. Nxc5 bxc5 25. Bc3 Ne4 26. Be1 h6 27. h4 Nd6 28. Rxc5 Qxb3 29. Bxa5 Rdc8 30. Qf3 Qxa4 31. Bc7 Nf5 32. h5 Qd7 33. g4 Ne7 34. Be5 Nd5 35. e4 Rxc5 36. Rxc5 Ne7 37. Rc7 Qd8 38. Rb7 Rc8 39. Kg2 Qe8 40. Bd6 Nc6 41. e5 Nd4 42. Qe4 Nc6 43. Kg3 Nd8 44. Re7 Qc6 45. Qd3 Qc3 46. Qxc3 Rxc3+ 47. f3 Nc6 48. Re8+ Kh7 49. Rf8 Nd4 50. Rxf7 Nb5 51. Be7 Rc7 52. f4 Nd4 53. g5 hxg5 54. fxg5 Nc6 55. g6+ Kh6 56. Bd6 Kg5 57. Rxc7 Nd4 58. Kh3 Nf5 59. Bc5 Kxh5 60. Rc6 Kxg6 61. Rxe6+ Kh5 62. Ra6 g5 63. e6 g4+ 64. Kg2 Nh4+ 65. Kg1 Nf5 66. e7 1-0


[Site "https://www.chess.com"]

[Event "Titled Tuesday Blitz October 11 Early 2022"]
[White "Hardaway, Brewington"]
[Black "Yeletsky, Ivan"]
[WhiteFideId "30941849"]
[BlackFideId "24180327"]
[WhiteElo "2159"]
[BlackElo "2391"]
[Result "0-1"]
[Round "02"]
[TimeControl "180+1"]
[Date "2022.10.11"]
[WhiteClock "0:00:00"]
[BlackClock "0:00:14"]

1. Nf3 b6 2. c4 Bb7 3. Nc3 e6 4. d4 Bb4 5. Qc2 Nf6 6. a3 Be4 7. Qb3 Bxc3+ 8. Qxc3 a5 9. g3 a4 10. Bg2 h6 11. O-O O-O 12. Bf4 d6 13. Rfd1 Nbd7 14. Rac1 Qb8 15. Nd2 Bxg2 16. Kxg2 Qb7+ 17. f3 b5 18. c5 Nd5 19. c6 Qb6 20. Qd3 Nxf4+ 21. gxf4 Nf6 22. Ne4 Nd5 23. e3 b4 24. Nd2 Qa6 25. Nf1 bxa3 26. bxa3 Rfb8 27. Qe4 Qe2+ 28. Kh3 Rb2 29. Rb1 Qg2+ 30. Kh4 g5+ 31. fxg5 Qxg5+ 32. Kh3 Qg2+ 33. Kh4 Rxb1 34. Rxb1 Ne7 35. Qg4+ Ng6+ 36. Kh5 Ra5+ 37. Kxh6 Qxg4 38. Rb8+ Nf8 39. fxg4 Ra6 40. Nd2 f5 41. gxf5 exf5 42. Nf3 Kf7 43. Ng5+ Ke7 44. Kg7 Ne6+ 45. Nxe6 Kxe6 46. Rb5 d5 47. Rc5 Rb6 48. Kf8 Kf6 49. Ke8 Ke6 50. Kd8 Kd6 51. Kc8 Rb3 52. Ra5 Rxa3 53. Ra7 Rxe3 54. Rxc7 a3 55. Kb7 Rb3+ 56. Kc8 a2 57. Ra7 Rb2 58. c7 Ke7 59. Ra3 f4 60. h4 f3 61. Re3+ Kd6 62. Kd8 Rc2 63. Ra3 Rxc7 64. Rxa2 Rc3 65. Ra6+ Rc6 66. Ra2 Rb6 67. Ke8 Ke6 0-1


[Site "https://www.chess.com"]

[Event "Titled Tuesday Blitz October 11 Early 2022"]
[White "Hartikainen, Jarmo"]
[Black "Karavade, Eesha"]
[WhiteFideId "503134"]
[BlackFideId "5012600"]
[WhiteElo "2121"]
[BlackElo "2258"]
[Result "1-0"]
[Round "02"]
[TimeControl "180+1"]
[Date "2022.10.12"]
[WhiteClock "0:02:36"]
[BlackClock "0:02:27"]

1. e4 c5 2. c3 Nf6 3. e5 Nd5 4. d4 cxd4 5. Nf3 Nc6 6. cxd4 d6 7. Nc3 Nxc3 8. bxc3 dxe5 9. d5 e4 10. dxc6 Qxd1+ 11. Kxd1 exf3 12. Bb5 Kd8 13. Bf4 a6 14. c7# 1-0


[Site "https://www.chess.com"]

[Event "Titled Tuesday Blitz October 11 Early 2022"]
[White "Haukenfrers, Dale"]
[Black "Fernandez Garcia, Gumersindo"]
[WhiteFideId "2603780"]
[BlackFideId "24516740"]
[WhiteElo "1953"]
[BlackElo "2072"]
[Result "1-0"]
[Round "02"]
[TimeControl "180+1"]
[Date "2022.10.12"]
[WhiteClock "0:01:01"]
[BlackClock "0:00:32"]

1. c3 e5 2. d3 d5 3. Nf3 Nc6 4. Qc2 Nf6 5. e4 Bg4 6. Be2 Be7 7. Nbd2 O-O 8. b4 d4 9. a3 dxc3 10. Qxc3 Nd4 11. Nxd4 exd4 12. Qc2 Bxe2 13. Kxe2 a5 14. Bb2 axb4 15. axb4 Rxa1 16. Rxa1 Bxb4 17. Nf3 c5 18. h3 Re8 19. Kf1 b5 20. Kg1 Qc7 21. Bxd4 Qb6 22. Be3 h6 23. Qb3 Qe6 24. Qc2 Rc8 25. Ra7 c4 26. dxc4 bxc4 27. e5 Nd5 28. Bd4 c3 29. Kh2 Bc5 30. Bxc5 Rxc5 31. Ra8+ Rc8 32. Rxc8+ Qxc8 33. Nd4 Qc5 34. Nf5 Kf8 35. Kg3 Nb4 36. Qe4 g6 37. Qa8+ Qc8 38. Qxc8# 1-0


[Site "https://www.chess.com"]

[Event "Titled Tuesday Blitz October 11 Early 2022"]
[White "Hristodoulou, Panagiotis"]
[Black "Kamsky, Gata"]
[WhiteFideId "4214340"]
[BlackFideId "2000024"]
[WhiteElo "2272"]
[BlackElo "2666"]
[Result "1-0"]
[Round "02"]
[TimeControl "180+1"]
[Date "2022.10.11"]
[WhiteClock "0:00:07"]
[BlackClock "0:00:03"]

1. e4 c5 2. Nf3 e6 3. d4 cxd4 4. Nxd4 a6 5. Bd3 Bc5 6. Nb3 Ba7 7. O-O Ne7 8. Nc3 d6 9. Kh1 e5 10. f4 exf4 11. Bxf4 Nbc6 12. Bc4 O-O 13. Bxd6 Be6 14. Bxe6 fxe6 15. Qd3 Rxf1+ 16. Rxf1 Ng6 17. h3 Rc8 18. Rd1 Nce5 19. Bxe5 Qxd3 20. cxd3 Nxe5 21. Kh2 Rd8 22. d4 Nc4 23. d5 Nxb2 24. Rf1 e5 25. Kh1 Nc4 26. Ne2 b5 27. Rc1 g6 28. Ng1 Kf7 29. Nf3 Ke7 30. Nbd2 Nxd2 31. Nxd2 Be3 32. Rc7+ Rd7 33. Rxd7+ Kxd7 34. Nb3 Bb6 35. g3 a5 36. Kg2 a4 37. Nc1 b4 38. Kf3 Bd4 39. Ke2 Kd6 40. Nd3 b3 41. axb3 axb3 42. Kd2 h5 43. g4 hxg4 44. hxg4 Ke7 45. Ne1 Kf6 46. Nf3 1-0


[Site "https://www.chess.com"]

[Event "Titled Tuesday Blitz October 11 Early 2022"]
[White "Ianov, Viktor"]
[Black "Valle Maytin, Luis Enrique"]
[WhiteFideId "14102730"]
[BlackFideId "3503666"]
[WhiteElo "2152"]
[BlackElo "2225"]
[Result "1-0"]
[Round "02"]
[TimeControl "180+1"]
[Date "2022.10.12"]
[WhiteClock "0:00:53"]
[BlackClock "0:00:01"]

1. Nf3 Nf6 2. g3 d5 3. Bg2 g6 4. b3 Bg7 5. Bb2 O-O 6. c4 c6 7. O-O Re8 8. d3 Nbd7 9. Nbd2 e5 10. cxd5 cxd5 11. e4 d4 12. Rc1 b5 13. b4 Bb7 14. Qb3 Rc8 15. Ng5 Qe7 16. f4 h6 17. Ngf3 Ng4 18. fxe5 Ne3 19. Rfe1 Nxe5 20. Nxd4 Nxg2 21. Kxg2 Rcd8 22. Rc5 a6 23. Rf1 Ng4 24. Nc2 Ne5 25. Bxe5 Bxe5 26. Nf3 Bg7 27. Ne3 Qe6 28. Nd5 Bxd5 29. Rxd5 Rxd5 30. exd5 Qe2+ 31. Rf2 Qe3 32. a4 g5 33. h3 h5 34. axb5 axb5 35. d6 Rd8 36. Nd2 Rd7 37. Ne4 g4 38. hxg4 hxg4 39. Qd1 f5 40. Rxf5 Qd4 41. Qxg4 Qb2+ 42. Kh3 Qa1 43. Nf6+ Kh8 44. Qh5+ Bh6 1-0


[Site "https://www.chess.com"]

[Event "Titled Tuesday Blitz October 11 Early 2022"]
[White "Ibarra Jerez, Jose Carlos"]
[Black "Chernobay, Artem"]
[WhiteFideId "2226332"]
[BlackFideId "4167406"]
[WhiteElo "2627"]
[BlackElo "2473"]
[Result "1-0"]
[Round "02"]
[TimeControl "180+1"]
[Date "2022.10.11"]
[WhiteClock "0:00:49"]
[BlackClock "0:00:02"]

1. e4 c5 2. Nc3 Nc6 3. Nf3 Nf6 4. d4 cxd4 5. Nxd4 e6 6. Ndb5 d6 7. Bf4 e5 8. Bg5 a6 9. Na3 b5 10. Bxf6 gxf6 11. Nd5 Bg7 12. g3 f5 13. exf5 Bxf5 14. Bg2 Bd7 15. Ne3 Qc7 16. Be4 Rd8 17. Nd5 Qa7 18. Qh5 Qd4 19. Nc7+ Kf8 20. Bd5 Be6 21. c3 Bxd5 22. cxd4 Bxh1 23. O-O-O Be4 24. dxe5 Bxe5 25. Qh6+ Bg7 26. Qf4 d5 27. Ne6+ Kg8 28. Nxd8 Nxd8 29. f3 h5 30. Qg5 Ne6 31. Qe3 Bh6 32. f4 Kh7 33. Kd2 Bg7 34. Nb1 Bxb2 35. Nc3 Bf5 36. Nxd5 Rd8 37. Ke1 Ba3 38. Qxa3 1-0


[Site "https://www.chess.com"]

[Event "Titled Tuesday Blitz October 11 Early 2022"]
[White "Ilkhomi, Jaloliddin"]
[Black "Samarth, J Rao"]
[WhiteFideId "14700948"]
[BlackFideId "46652370"]
[WhiteElo "2045"]
[BlackElo "1564"]
[Result "1-0"]
[Round "02"]
[TimeControl "180+1"]
[Date "2022.10.12"]
[WhiteClock "0:01:50"]
[BlackClock "0:02:04"]

1. d4 d5 2. Bf4 Nf6 3. e3 e6 4. Nd2 Be7 5. Ngf3 O-O 6. Bd3 Nbd7 7. c3 Nh5 8. Be5 Nxe5 9. Nxe5 Nf6 10. f4 c5 11. O-O Nd7 12. Rf3 f5 13. Rh3 Nxe5 14. fxe5 g6 15. g4 c4 16. Bc2 b5 17. Qe2 f4 18. exf4 Rxf4 19. Rf1 Rxf1+ 20. Qxf1 Bd7 21. Rxh7 Kxh7 22. Qf7+ Kh8 23. Qxg6 1-0


[Site "https://www.chess.com"]